 Dungeon Crawl Stone Soup version 0.29-a0-284-gf9362112df (webtiles) character file.

Game seed: 9904356511855717423

354 rabbitsville the Covert (level 6, -7/30 HPs)
             Began as a Spriggan Brigand on Mar 15, 2022.
             Killed from afar by a kobold brigand (14 damage)
             ... with an iceblast
             ... on level 4 of the Dungeon.
             The game lasted 00:09:23 (2699 turns).

rabbitsville the Covert (Spriggan Brigand)          Turns: 2699, Time: 00:09:24

Health: -7/30      AC:  5    Str:  7    XL:     6   Next: 35%
Magic:  7/7        EV: 16    Int: 12    God:
Gold:   106        SH:  0    Dex: 19    Spells: 5/5 levels left

rFire   . . .      SeeInvis +   n - +2 rapier (drain)
rCold   + . .      Faith    .   (no shield)
rNeg    . . .      Spirit   .   m - +2 robe {rC+}
rPois   .          Reflect  .   (helmet restricted)
rElec   .          Harm     .   c - +0 cloak
rCorr   .          Rampage  .   (gloves unavailable)
Will    +....                   (boots unavailable)
Stlth   ++++......              (no amulet)
HPRegen 0.10/turn               (no ring)
MPRegen 0.10/turn               (no ring)

@: very quick
A: very small, no large weapons, unfitting armour, see invisible, speed 3
a: no special abilities


You were on level 4 of the Dungeon.
You visited 1 branch of the dungeon, and saw 5 of its levels.

You collected 106 gold pieces.

Inventory:

Hand Weapons
 a - a +2 dagger
 n - a +2 rapier of draining (weapon)
Missiles
 d - 13 poisoned darts (quivered)
 e - 3 curare-tipped darts
 o - a throwing net
Armour
 b - a +0 robe
 c - a +0 cloak (worn)
 m - a +2 robe of cold resistance (worn)
Wands
 l - a wand of flame (17)
Scrolls
 f - a scroll of holy word {unknown}
 g - a scroll of blinking {unknown}
 h - 2 scrolls of identify {unknown}
 i - 2 scrolls of teleportation {unknown}
 j - a scroll of enchant armour {unknown}
Potions
 k - 4 potions of might {unknown}
 p - a potion of ambrosia {unknown}


   Skills:
 - Level 1.5 Fighting
 - Level 2.1 Short Blades
 * Level 5.6 Throwing
 - Level 1.3 Dodging
 + Level 8.3 Stealth


You had 5 spell levels left.
You didn't know any spells.
Your spell library was empty.

Dungeon Overview and Level Annotations

Branches:
Dungeon (5/15)
 Temple: D:4-7

Altars:

Shops:
D:2 ?

Annotations:
D:3 1 runed translucent door, Crazy Yiuf


Innate Abilities, Weirdness & Mutations

You are very small and have problems with some larger weapons.
You are too small for most types of armour.
You have supernaturally acute eyesight. (SInv)
You cover ground extremely quickly. (Speed+++)


Message History

Found 26 stones.
Found a pink potion.
You now have 106 gold pieces (gained 18).
A kobold comes into view. It is wielding a +0 dagger.
The kobold throws a stone.
The stone completely misses you.
The kobold throws a stone.
The stone hits you but does no damage. The kobold hits you with a +0 dagger.
You see here a pink potion.
You closely miss the kobold. The kobold hits you but does no damage.
You completely miss the kobold. The kobold hits you but does no damage.
You barely miss the kobold. The kobold completely misses you.
You hit the kobold.
You kill the kobold!
Things that are here:
a +0 dagger; 4 stones
p - a pink potion
Things that are here:
a +0 dagger; 4 stones
Found a stone staircase leading down.
There is a stone staircase leading down here.
d - 13 poisoned darts (gained 3)
Found a trident and 18 stones.
An adder comes into view.
You puncture the plant!
The plant begins to die.
You drain the plant.
The plant is lightly damaged.
A nearby plant withers and dies.
A goblin comes into view. It is wielding a +0 club.
A kobold brigand comes into view.
It is wielding a +0 short sword and carrying a wand of iceblast (7).
The kobold brigand unwields a +0 short sword.
The kobold brigand wields a +0 hand crossbow.
The kobold brigand shoots a bolt.
The bolt hits you!
Found a stone staircase leading up.
The kobold brigand zaps a wand.
The mass of ice explodes!
The iceblast engulfs the goblin!
The goblin dies!
The iceblast engulfs you! You partially resist.
* * * LOW HITPOINT WARNING * * *
You hear a shout!
You hear an angry hiss.
You hear a shout!
The kobold brigand zaps a wand.
The mass of ice explodes!
The iceblast engulfs you! You partially resist.
You die...

P............P.P..#
♣♣♣..S♣♣♣...♣♣♣...#
♣ ♣..)♣ ♣..P♣ ♣?..#
♣♣♣...♣♣♣...♣♣♣...#
P..P.P............#
....÷.............#
..)....###.####...#
.......+ .........#
..)....# #..##..@.#
.......# # #....#
#+#+#### #....#
#....# #K....
#....#. ## #...<#.
.# ...#.# # .##.


You could see a kobold brigand.

Vanquished Creatures
  Eustachio (D:5)
  A hound (D:4)
  Jessica (D:3)
  An iguana (D:4)
  5 gnolls
  4 adders
  A white imp (D:5)
  A ball python (D:2)
  9 bats
  5 endoplasms
  4 giant cockroaches
  8 goblins
  2 hobgoblins
  4 quokkas
  2 frilled lizards
  4 kobolds
  A rat (D:3)
54 creatures vanquished.

Vanquished Creatures (others)
  A goblin (D:4)
  18 plants (D:4)
19 creatures vanquished.

Grand Total: 73 creatures vanquished

Notes
Turn   | Place    | Note
-------+----------+-------------------------------------------
     0 | D:1      | rabbitsville the Spriggan Brigand began the quest for the
                  | Orb.
     0 | D:1      | Reached XP level 1. HP: 10/10 MP: 2/2
    44 | D:1      | Reached skill level 6 in Stealth
    93 | D:1      | Found a faded altar of an unknown god.
   154 | D:1      | Reached XP level 2. HP: 9/14 MP: 3/3
   982 | D:2      | Reached XP level 3. HP: 18/18 MP: 4/4
  1177 | D:2      | Found Icricela's Magic Scroll Shoppe.
  1960 | D:3      | Noticed Jessica
  1965 | D:3      | Killed Jessica
  1966 | D:3      | Reached skill level 7 in Stealth
  1966 | D:3      | Reached XP level 4. HP: 22/22 MP: 5/5
  2034 | D:3      | Found a runed translucent door.
  2035 | D:3      | Noticed Crazy Yiuf
  2139 | D:3      | You fall into a shaft and drop 2 floors!
  2139 | D:5      | Entered Level 5 of the Dungeon
  2139 | D:5      | Noticed Eustachio
  2141 | D:5      | Killed Eustachio
  2142 | D:5      | Reached skill level 5 in Throwing
  2142 | D:5      | Reached XP level 5. HP: 25/25 MP: 6/6
  2263 | D:4      | Reached skill level 8 in Stealth
  2263 | D:4      | Reached XP level 6. HP: 28/30 MP: 7/7
  2699 | D:4      | Killed from afar by a kobold brigand

Illustrated notes

Levels and vault maps discovered:
D:1:      minmay_arrival_stone_box, layout_basic,
          hellmonk_ecumenical_altar_heavens_door, minmay_statues_item
D:2:      minmay_skewed_foursquare, layout_loops_ring, serial_shops, shop
D:3:      layout_basic, hangedman_decor_points, uniq_grinder,
          uniq_crazy_yiuf_cottage, uniq_jessica
D:4:      layout_basic, kennysheep_boxes
D:5:      layout_loops_ring, ebering_ghost_reflecting_pool, glass_columns_b,
          chequers_serial_rivers_micro_b, kennysheep_opposing_triangles,
          uniq_eustachio, uniq_duvessa, uniq_edmund, uniq_ijyb

Skill      XL: |  1  2  3  4  5 |
---------------+----------------+-----
Stealth        | 6 7 8 |  8.3
Throwing       | 3 4 5 |  5.6
Fighting       | |  1.5
Short Blades   | |  2.1
Dodging        | |  1.3

Action                   |  1- 3 |  4- 6 || total
-------------------------+-------+-------++-------
Melee: Dagger            |    98 |    12 ||   110
       Rapier            |       |    39 ||    39
Throw: Dart              |     3 |     4 ||     7
 Stab: Sleeping          |    13 |     8 ||    21
       Distracted        |     2 |       ||     2
Armor: Robe              |    25 |     9 ||    34
Dodge: Dodged            |    60 |    29 ||    89

Table legend: (Time is in decaauts)
 A = Elapsed time spent in this place.
 B = Non-inter-level travel time spent in this place.
 C = Inter-level travel time spent in this place.
 D = Time resting spent in this place.
 E = Time spent auto-exploring this place.
 F = Levels seen in this place.
 G = Mean time per level.
                   A        B        C        D        E       F      G
               +--------+--------+--------+--------+--------+-----+--------+
         Total |   1941 |   1882 |     59 |    407 |    826 |   5 |  388.2 |
       Dungeon |   1941 |   1882 |     59 |    407 |    826 |   5 |  388.2 |
               +--------+--------+--------+--------+--------+-----+--------+

Top non-repeatable levels by time:
     D:2: 694 daAuts
     D:1: 675 daAuts
     D:4: 421 daAuts
     D:3: 134 daAuts
     D:5: 17 daAuts
